AoeStats
← Estatico1

Arabia

508788105Analyzed
2v2 RM · 7d ago on Sep 24, 2026· 20m 5s· 4 players
Game mode
Random Map
Map size
Medium (4 player)
Population
200
Speed
Normal
Resources
Standard
Victory
Conquest
Starting age
Dark Age
Ending age
Imperial Age
RankedLock teamsTeams togetherTeam positionsShared explorationLock speedFull tech treeHidden civsTurbo modeCheats
Victory
Defeat
🇨🇱 Saxons · Chile
1185
+15
1164
+15
🇦🇷 Teutons · Argentina
1162
-15
🇦🇷 Burgundians · Argentina
1162
-15
Estatico1
6:55 Loom
9:43 Feudal Age
9:44 Man-at-Arms
12:03 Double-Bit Axe
16:09 Padded Archer Armor
22:27 Castle Age
^La Nutria Excitadora^
7:09 Loom
10:19 Feudal Age
10:56 Double-Bit Axe
15:33 Horse Collar
20:14 Castle Age
20:33 Bloodlines
20:36 Forging
20:32 Scale Barding Armor
Lockepu
9:38 Feudal Age
10:09 Double-Bit Axe
12:02 Loom
17:01 Castle Age
16:32 Fletching
Definitive Infusion
6:11 Loom
8:47 Feudal Age
15:29 Fletching
17:36 Double-Bit Axe
17:32 Horse Collar
19:09 Padded Archer Armor
20:56 Wheelbarrow
Connection lost

Rejoining the realm…

Still unreachable

The connection could not be restored.

Session expired

The server has moved on; the page needs a fresh start.